 Dungeon Crawl Stone Soup version 0.28-a0-529-g3bad584f25 (webtiles) character file.

Game seed: 11831131852087295087

9 demibob the Insei (level 2, 13/24 HPs)
             Began as a Demonspawn Monk on Sept 24, 2021.
             Quit the game on level 1 of the Dungeon.
             The game lasted 00:00:30 (343 turns).

demibob the Insei (Demonspawn Monk)                  Turns: 343, Time: 00:00:30

Health: 13/24      AC:  2    Str: 11    XL:     2   Next: 3%
Magic:  2/2        EV: 12    Int: 11    God:
Gold:   0          SH:  0    Dex: 15    Spells: 1/1 levels left

rFire   . . .      SeeInvis .     - Unarmed
rCold   . . .      Faith    .   (no shield)
rNeg    . . .      Spirit   .   a - +0 robe
rPois   .          Reflect  .   (no helmet)
rElec   .          Harm     .   (no cloak)
rCorr   .          Rampage  .   (no gloves)
Will    .....                   (no boots)
Stlth   ++........              (no amulet)
HPRegen 0.08/turn               (no ring)
MPRegen 0.08/turn               (no ring)

@: no status effects
A: talons 1
a: no special abilities


You were on level 1 of the Dungeon.
You visited 1 branch of the dungeon, and saw 1 of its levels.


Innate Abilities, Weirdness & Mutations

You have sharp toenails.


   Skills:
 - Level 3.0 Fighting
 - Level 2.6 Dodging
 - Level 1.7 Stealth
 + Level 3.2 Unarmed Combat


You had one spell level left.
You didn't know any spells.
Your spell library was empty.

Inventory:

Armour
 a - a +0 robe (worn)
Jewellery
 F - a ring of fire
Potions
 b - 2 potions of curing {unknown}

Dungeon Overview and Level Annotations

Branches:
Dungeon (1/15)

Altars:

## #.▒+▒.# .. #.8.8)##..# ######
#. #.....#... ####....###.
#.....#..# ###........##.
#.....#..# ##..........##.
[....#[.#
##...##....#....#####.###..#####
#..#####.....##.@..(..........(.
#.## #....###......†......## ..#
##....###.######†##...# .##
#......##. .#..#...# .###
##.......## .##.#...#
...###...##.#.######.##.....#
........###...#......###....#
###<..### ##.##......###....#
##### #.#..............#


There were no monsters in sight!


Message History

You are too injured to fight recklessly!
You are too injured to fight recklessly!
You are too injured to fight recklessly!
You are too injured to fight recklessly!
You are too injured to fight recklessly!
You are too injured to fight recklessly!
You are too injured to fight recklessly!
You are too injured to fight recklessly!
You are too injured to fight recklessly!
You are too injured to fight recklessly!
You are too injured to fight recklessly!
You are too injured to fight recklessly!
You are too injured to fight recklessly!
You are too injured to fight recklessly!
You are too injured to fight recklessly!
You are too injured to fight recklessly!
You are too injured to fight recklessly!
You are too injured to fight recklessly!
You hit the frilled lizard.
You kill the frilled lizard!
You hit the endoplasm.
You kill the endoplasm!
You have reached level 2!
Your demonic ancestry asserts itself...
Your toenails lengthen and sharpen.
You see here a frilled lizard corpse.
Found a club.
You see here 7 arrows.
F - a ring of fire Are you sure you want to abandon this character and quit the game? (Confirm with "yes".)

Skill      XL: |  1 |
---------------+----+-----
Unarmed Combat | 3 |  3.2
Fighting       | |  3.0
Dodging        | |  2.6
Stealth        | |  1.7

Action                   || total
-------------------------++-------
Melee: Unarmed           ||    34
Armor: Robe              ||    10
Dodge: Dodged            ||    25

Levels and vault maps discovered:
D:1:      dpeg_arrival_round_b, layout_basic,
          dreamdust_ecumenical_altar_angels_and_demons,
          chequers_serial_rivers_marsh

Notes
Turn   | Place    | Note
-------+----------+-------------------------------------------
     0 | D:1      | demibob the Demonspawn Monk began the quest for the Orb.
     0 | D:1      | Reached XP level 1. HP: 18/18 MP: 1/1
   132 | D:1      | Reached skill level 3 in Unarmed Combat
   333 | D:1      | Gained mutation: You have sharp toenails. [demonic
                  | ancestry]
   333 | D:1      | Reached XP level 2. HP: 13/24 MP: 2/2
   343 | D:1      | Quit the game

Vanquished Creatures
  A ball python (D:1)
  An endoplasm (D:1)
  2 hobgoblins (D:1)
  2 bats (D:1)
  2 frilled lizards (D:1)
  A rat (D:1)
9 creatures vanquished.

Table legend: (Time is in decaauts)
 A = Elapsed time spent in this place.
 B = Non-inter-level travel time spent in this place.
 C = Inter-level travel time spent in this place.
 D = Time resting spent in this place.
 E = Time spent auto-exploring this place.
 F = Levels seen in this place.
 G = Mean time per level.
                   A        B        C        D        E       F      G
               +--------+--------+--------+--------+--------+-----+--------+
         Total |    340 |    340 |      0 |      0 |    266 |   1 |  340.0 |
       Dungeon |    340 |    340 |      0 |      0 |    266 |   1 |  340.0 |
               +--------+--------+--------+--------+--------+-----+--------+

Top non-repeatable levels by time:
     D:1: 340 daAuts

Table legend:
 A = Non-vault XP
 B = Vault XP
 C = Vault XP percentage of total XP
 D = Non-vault monster count
 E = Vault monster count
 F = Vault count percentage of total count
                 A         B        C        D         E       F
            +---------+---------+-------+---------+---------+-------
      Total |      13 |       0 |   0.0 |       9 |       0 |   0.0
            +---------+---------+-------+---------+---------+-------
        D:1 |      13 |       0 |   0.0 |       9 |       0 |   0.0
            +---------+---------+-------+---------+---------+-------
